[Event "Titled Tuesday Blitz July 20 2021"]
[White "Novikov, Evgenij"]
[Black "Wieczorek, Zbigniew"]
[WhiteFideId "4125380"]
[BlackFideId "1102001"]
[WhiteElo "2242"]
[BlackElo "2263"]
[Result "1/2-1/2"]
[Round "02"]
[TimeControl "180+1"]
[Date "2021.07.21"]
[WhiteClock "0:00:05"]
[BlackClock "0:00:19"]

1. d4 g6 2. c4 Bg7 3. Nc3 d6 4. e4 Nf6 5. Be2 O-O 6. Nf3 e5 7. d5 Na6 8. O-O h5 9. Ne1 Qe8 10. Nd3 b6 11. b4 Nh7 12. c5 h4 13. c6 Bf6 14. a4 Bg5 15. a5 Bxc1 16. Qxc1 f5 17. axb6 cxb6 18. b5 Nc7 19. Bf3 Qe7 20. g3 Kg7 21. Bg2 hxg3 22. fxg3 Rh8 23. Qe3 Ng5 24. h4 Nf7 25. Ra4 f4 26. gxf4 Qxh4 27. fxe5 Qh2+ 28. Kf2 Nxe5 29. Nxe5 Qxe5 30. Qd4 Qxd4+ 31. Rxd4 Bg4 32. Kg3 Bh5 33. Ra4 Rhe8 34. Rfa1 Re7 35. Rxa7 Rxa7 36. Rxa7 Nxd5 37. Nxd5 Rxa7 38. c7 Ra8 39. Nxb6 Ra3+ 40. Kh2 Rc3 41. c8=Q Rxc8 42. Nxc8 Be2 43. b6 Ba6 44. Nxd6 Kf6 45. b7 Bxb7 46. Nxb7 Ke5 47. Nc5 g5 48. Kg3 Kd4 49. Ne6+ Ke5 50. Nxg5 Kf6 51. Nf3 Ke6 52. e5 Kf5 53. Ng1 Kxe5 54. Kf3 Kd4 55. Ne2+ Ke5 56. Bh3 Kd5 57. Kf4 Kc4 58. Ke4 Kb3 59. Be6+ Kc2 60. Ke3 Kb2 61. Bc4 Ka3 62. Kd4 Kb4 63. Nc3 Ka5 64. Nd5 Ka4 65. Kc3 Ka5 66. Bd3 Ka4 67. Kc4 Ka3 68. Kb5 Kb2 69. Kb4 Kc1 70. Kc3 Kd1 71. Nf4 Ke1 72. Kd4 Kf2 73. Ke4 Kg3 74. Kf5 Kf3 75. Nd5 Kf2 76. Kf4 Kg2 77. Nc3 Kh3 78. Be2 Kh4 79. Nd5 Kh3 80. Ne3 Kh4 81. Bf3 Kh3 82. Nf5 Kh2 83. Bg4 Kg1 84. Ke3 Kf1 85. Nd4 Ke1 86. Bf3 Kf1 87. Kf4 Ke1 88. Ke3 Kf1 89. Nc2 Kg1 90. Ke2 Kh2 91. Kf2 Kh3 92. Nd4 Kh4 93. Ne6 Kh3 94. Nc5 Kh4 95. Ne4 Kh3 96. Ng5+ Kh4 97. Ne6 Kh3 98. Be2 Kh4 99. Kf3 Kh3 100. Kf4 Kh2 101. Bf3 Kh3 102. Ng5+ Kh4 103. Ne4 Kh3 1/2-1/2


[Site "https://www.chess.com"]

[Event "Titled Tuesday Blitz July 20 2021"]
[White "Obolentseva, Alexandra"]
[Black "Dardha, Daniel"]
[WhiteFideId "24153648"]
[BlackFideId "240990"]
[WhiteElo "2461"]
[BlackElo "2729"]
[Result "0-1"]
[Round "02"]
[TimeControl "180+1"]
[Date "2021.07.21"]
[WhiteClock "0:01:13"]
[BlackClock "0:02:16"]

1. d4 d5 2. c4 c6 3. Nf3 Nf6 4. Nc3 e6 5. Bg5 dxc4 6. e4 b5 7. e5 h6 8. Bh4 g5 9. Nxg5 hxg5 10. Bxg5 Be7 11. exf6 Bxf6 12. Bxf6 Qxf6 13. Ne4 Qe7 14. g3 Nd7 15. Bg2 f5 16. Nc5 Nxc5 17. dxc5 Bd7 18. Qd4 e5 19. Qe3 f4 20. gxf4 exf4 21. Qxe7+ Kxe7 22. O-O-O Rae8 23. Rhe1+ Kd8 24. Rxe8+ Kxe8 25. Re1+ Kd8 26. h3 Rg8 27. Bf3 Rg5 28. Re4 Rxc5 29. Rxf4 Bxh3 30. Rf8+ Kc7 31. Rf7+ Kb6 32. Kd2 a5 33. a3 Be6 34. Rf6 Bd5 35. Kc3 Bxf3 36. Rxf3 Rd5 37. b3 cxb3 38. Kxb3 a4+ 39. Kc3 Rc5+ 40. Kb2 Re5 41. Rf6 Re2+ 42. Kc3 Ra2 43. Kb4 Rb2+ 44. Kc3 Rb3+ 45. Kc2 Rxa3 46. f4 Rf3 47. f5 Rf2+ 48. Kb1 b4 49. Rf8 Kb5 50. f6 Kc4 51. f7 Kb3 52. Kc1 a3 0-1


[Site "https://www.chess.com"]

[Event "Titled Tuesday Blitz July 20 2021"]
[White "Oliveira, Silvio Eduardo"]
[Black "Dzhaparov, Medet"]
[WhiteFideId "2111560"]
[BlackFideId "13803689"]
[WhiteElo "2302"]
[BlackElo "1702"]
[Result "1-0"]
[Round "02"]
[TimeControl "180+1"]
[Date "2021.07.21"]
[WhiteClock "0:00:07"]
[BlackClock "0:00:02"]

1. e4 e5 2. Nf3 Nc6 3. Bb5 a6 4. Ba4 Nf6 5. O-O b5 6. Bb3 Be7 7. Re1 O-O 8. a4 b4 9. d4 d6 10. dxe5 Nxe5 11. Nxe5 dxe5 12. Qf3 Bb7 13. Nd2 Nd7 14. a5 Nc5 15. Bc4 Kh8 16. Qe2 Qd4 17. Nf3 Qxe4 18. Qxe4 Nxe4 19. Nxe5 Nd6 20. Bb3 Bf6 21. Bf4 Rad8 22. Rad1 g5 23. Bg3 Kg7 24. Nd3 Nb5 25. Ba4 Rfe8 26. Rxe8 Rxe8 27. Bxb5 axb5 28. Bxc7 Re2 29. Nxb4 Bxb2 30. Kf1 Re4 31. a6 Ba8 32. Bd6 Bc3 33. Na2 Bf6 34. f3 Ra4 35. Nb4 Bc3 36. Nd5 Bxd5 37. Rxd5 Kg6 38. Rxb5 Rxa6 39. Bb4 Ra1+ 40. Kf2 Rb1 41. Rb6+ f6 42. Bc5 Rc1 43. Kg3 Rxc2 44. Kh3 Be1 45. Be7 Bc3 46. g3 Re2 47. Rb7 h5 48. Bf8 f5 49. Rb6+ Kf7 50. Bd6 g4+ 51. fxg4 fxg4+ 52. Kh4 Rxh2+ 53. Kg5 Bd2+ 54. Kf5 Rf2+ 55. Ke4 Bg5 56. Be5 Re2+ 57. Kf5 Be7 58. Rb7 Rf2+ 59. Ke4 Ke6 60. Bf4 Bf6 61. Rb5 Re2+ 62. Kd3 Ra2 63. Rxh5 Ra3+ 64. Ke4 Ra4+ 65. Kd3 Ra3+ 66. Ke2 Ra2+ 67. Ke3 Ra3+ 68. Kd2 Bd4 69. Rg5 Ra2+ 70. Kd3 Bf6 71. Rxg4 Ra8 72. Rg6 Kf5 73. Rh6 Rd8+ 74. Ke2 Re8+ 75. Kf3 Rc8 76. g4+ Ke6 77. g5 Rc3+ 78. Kg4 1-0


[Site "https://www.chess.com"]

[Event "Titled Tuesday Blitz July 20 2021"]
[White "Pakleza, Zbigniew"]
[Black "Manukyan, Artyom"]
[WhiteFideId "1119290"]
[BlackFideId "13305786"]
[WhiteElo "2762"]
[BlackElo "2479"]
[Result "1/2-1/2"]
[Round "02"]
[TimeControl "180+1"]
[Date "2021.07.21"]
[WhiteClock "0:00:07"]
[BlackClock "0:00:08"]

1. d4 d5 2. Bf4 Nf6 3. e3 c5 4. c3 Nc6 5. Nd2 cxd4 6. cxd4 Bf5 7. Ngf3 e6 8. Qb3 Qb6 9. Qxb6 axb6 10. Bb5 Bb4 11. Ke2 O-O 12. a3 Be7 13. Rhc1 Rfc8 14. Ne5 Nxe5 15. Bxe5 Bc2 16. Nf3 Bb3 17. h3 Ne4 18. Ke1 f6 19. Bh2 Kf7 20. Nd2 Nxd2 21. Kxd2 Bc4 22. Bxc4 dxc4 23. Kc2 b5 24. e4 Ra4 25. Rd1 Rd8 26. f3 Rda8 27. Rab1 Rd8 28. Rd2 Rc8 29. Rdd1 c3 30. bxc3 Rxa3 31. Rd3 b4 32. Rb3 Ra2+ 33. Rb2 Ra3 34. Rb3 Ra2+ 35. Rb2 Ra3 36. Rb3 1/2-1/2


[Site "https://www.chess.com"]

[Event "Titled Tuesday Blitz July 20 2021"]
[White "Parkhov, Yair"]
[Black "Asadli, Vugar"]
[WhiteFideId "2813408"]
[BlackFideId "13405764"]
[WhiteElo "2131"]
[BlackElo "2386"]
[Result "1/2-1/2"]
[Round "02"]
[TimeControl "180+1"]
[Date "2021.07.20"]
[WhiteClock "0:00:07"]
[BlackClock "0:00:30"]

1. e4 g6 2. d4 Bg7 3. Nc3 d6 4. Be3 a6 5. Nf3 b5 6. Bd3 Bb7 7. a4 b4 8. Nb1 Nd7 9. Nbd2 Ngf6 10. c3 c5 11. O-O O-O 12. a5 Rc8 13. h3 Qc7 14. Qe2 Qb8 15. Bxa6 bxc3 16. bxc3 Bxa6 17. Qxa6 Qb2 18. Qd3 cxd4 19. cxd4 Rc3 20. Qb1 Rc2 21. Qxb2 Rxb2 22. Rfb1 Rxb1+ 23. Rxb1 Ra8 24. Ra1 Ne8 25. Nb3 Nc7 26. Rc1 Nb5 27. d5 f5 28. exf5 gxf5 29. Ng5 Nc3 30. Rc2 Nxd5 31. Ne6 Be5 32. Rc1 Kf7 33. Nc7 Nxc7 34. Rxc7 Nf6 35. Ra7 Rb8 36. Nd2 Nd5 37. g3 Bxg3 38. fxg3 Nxe3 39. a6 Rb2 40. Nf3 Ra2 41. Nd4 Kf6 42. Nc6 e5 43. Nd8 f4 44. Rf7+ Kg5 45. gxf4+ exf4 46. a7 f3 47. Ne6+ Kg6 48. Rxf3 Ra1+ 49. Kh2 Nf5 50. Nf8+ Kg5 51. Nxh7+ Kg6 52. Nf8+ Kf6 53. Nd7+ Ke6 54. Nf8+ Ke5 55. Ng6+ Ke6 56. Nf8+ Kf6 57. Nh7+ Kg6 58. Nf8+ Kg5 59. Nh7+ Kh6 60. Rxf5 Kxh7 61. Rd5 Rxa7 62. Rxd6 Ra3 63. Kg2 Kg7 64. Re6 Kf7 65. Re2 Kf6 66. Rf2+ Kg5 67. Rf3 Ra4 68. Kg3 Rb4 69. Rf2 Rb3+ 70. Rf3 Rb1 71. Re3 Rg1+ 72. Kf2 Ra1 73. Re4 Kf5 74. Rd4 Ra2+ 75. Kg3 Ra3+ 76. Kh4 Kg6 77. Rg4+ Kh6 78. Rf4 Ra6 79. Kg4 Rb6 80. h4 Ra6 81. h5 Rb6 82. Rf8 Rb4+ 83. Kf5 Rb5+ 84. Kf6 Rb6+ 85. Kf7 Kxh5 86. Rh8+ Kg5 87. Rd8 Kf5 88. Rd5+ Ke4 89. Rd7 1/2-1/2


[Site "https://www.chess.com"]

[Event "Titled Tuesday Blitz July 20 2021"]
[White "Pein, Jonathan"]
[Black "Arabidze, Meri"]
[WhiteFideId "417092"]
[BlackFideId "13604040"]
[WhiteElo "2167"]
[BlackElo "2432"]
[Result "0-1"]
[Round "02"]
[TimeControl "180+1"]
[Date "2021.07.21"]
[WhiteClock "0:01:00"]
[BlackClock "0:01:20"]

1. e4 c5 2. Nc3 e6 3. Nf3 Nc6 4. d4 cxd4 5. Nxd4 a6 6. Be2 Nf6 7. O-O d6 8. Nxc6 bxc6 9. e5 dxe5 10. Qxd8+ Kxd8 11. Be3 Bd6 12. Na4 Nd5 13. Bd2 Ke7 14. c4 Nf4 15. Bf3 Bb7 16. Rfd1 f5 17. g3 e4 18. Bxf4 Bxf4 19. gxf4 exf3 20. Nc5 Bc8 21. Rd3 g5 22. fxg5 Rg8 23. Rxf3 Rxg5+ 24. Kf1 e5 25. Re1 e4 26. Rh3 h5 27. f3 Kd6 28. b4 a5 29. fxe4 axb4 30. Nb3 fxe4 31. c5+ Kc7 32. Rh4 Rxa2 33. Rexe4 Ba6+ 0-1


[Site "https://www.chess.com"]

[Event "Titled Tuesday Blitz July 20 2021"]
[White "Petriashvili, Nikoloz"]
[Black "Rozhkov, Viacheslav"]
[WhiteFideId "13611216"]
[BlackFideId "4181484"]
[WhiteElo "2769"]
[BlackElo "2483"]
[Result "0-1"]
[Round "02"]
[TimeControl "180+1"]
[Date "2021.07.21"]
[WhiteClock "0:00:01"]
[BlackClock "0:00:12"]

1. e4 c5 2. Nf3 d6 3. d4 cxd4 4. Nxd4 Nf6 5. Nc3 Nc6 6. Bg5 Bd7 7. Qd2 Rc8 8. O-O-O Nxd4 9. Qxd4 Qa5 10. f4 Rxc3 11. bxc3 e5 12. Qc4 d5 13. exd5 Ba3+ 14. Kb1 Ne4 15. Bd3 Nxc3+ 16. Ka1 O-O 17. fxe5 Rc8 18. Qh4 h6 19. e6 fxe6 20. Bc4 hxg5 21. Qd4 Nxd1 22. dxe6 Rxc4 23. Qxc4 Bb2+ 24. Kb1 Bf6 25. exd7+ Kh8 26. d8=Q+ Qxd8 27. Qd3 Qb6+ 28. Qb3 Nc3+ 29. Kb2 Qd4 30. Kc1 Ne2+ 31. Kb1 Qa1# 0-1


[Site "https://www.chess.com"]

[Event "Titled Tuesday Blitz July 20 2021"]
[White "Pinheiro, Iung Alicio de O."]
[Black "Todorovic, Bojan"]
[WhiteFideId "2104350"]
[BlackFideId "917087"]
[WhiteElo "2597"]
[BlackElo "2266"]
[Result "1-0"]
[Round "02"]
[TimeControl "180+1"]
[Date "2021.07.21"]
[WhiteClock "0:01:27"]
[BlackClock "0:00:34"]

1. e4 e5 2. Bc4 Nf6 3. d3 c6 4. Nf3 Be7 5. O-O d6 6. Nc3 O-O 7. h3 Nbd7 8. a3 b5 9. Ba2 Nc5 10. Ne2 Be6 11. Ng3 Bxa2 12. Rxa2 g6 13. Bh6 Re8 14. Ra1 Ne6 15. Qd2 Kh8 16. Nh2 Ng8 17. Be3 Bg5 18. Ne2 Bxe3 19. Qxe3 Qg5 20. f4 exf4 21. Nxf4 Nxf4 22. Rxf4 Re7 23. Raf1 Qe5 24. Rxf7 Rxf7 25. Rxf7 Qxb2 26. Nf3 h6 27. Qf4 Qxa3 28. Nh4 Qa1+ 29. Kh2 Qe5 30. Nxg6# 1-0


[Site "https://www.chess.com"]

[Event "Titled Tuesday Blitz July 20 2021"]
[White "Pourkashiyan, Atousa"]
[Black "Sjugirov, Sanan"]
[WhiteFideId "12502014"]
[BlackFideId "4189302"]
[WhiteElo "2285"]
[BlackElo "2472"]
[Result "0-1"]
[Round "02"]
[TimeControl "180+1"]
[Date "2021.07.20"]
[WhiteClock "0:00:10"]
[BlackClock "0:00:34"]

1. e4 c6 2. d4 d5 3. Nd2 dxe4 4. Nxe4 Nf6 5. Nxf6+ exf6 6. c3 Bd6 7. Bd3 O-O 8. Ne2 Re8 9. O-O Nd7 10. Ng3 Nf8 11. Qc2 Bc7 12. Bd2 Be6 13. Rae1 Qd6 14. Bf5 h5 15. Bxe6 Nxe6 16. Re4 g6 17. Rfe1 f5 18. Re5 Qd7 19. R5e2 Ng7 20. Nf1 Rxe2 21. Rxe2 Re8 22. Bh6 Rxe2 23. Qxe2 Ne6 24. g3 Qd5 25. b3 h4 26. Nd2 Qa5 27. Nb1 h3 28. f3 f4 29. Bxf4 Nxf4 30. gxf4 Bxf4 31. c4 Qg5+ 32. Kh1 Be3 33. Qf1 Bxd4 34. Na3 Qd2 35. c5 Bxc5 36. Nc4 Qxa2 37. Ne5 Qxb3 38. Ng4 Qb2 39. Nh6+ Kg7 40. Ng4 a5 41. Qxh3 Qc1+ 0-1


[Site "https://www.chess.com"]

[Event "Titled Tuesday Blitz July 20 2021"]
[White "Prraneeth Vuppala"]
[Black "Nathan, Nitish"]
[WhiteFideId "46622373"]
[BlackFideId "30927870"]
[WhiteElo "1759"]
[BlackElo "2222"]
[Result "1-0"]
[Round "02"]
[TimeControl "180+1"]
[Date "2021.07.21"]
[WhiteClock "0:00:50"]
[BlackClock "0:02:16"]

1. e4 c5 2. Nf3 Nc6 3. d4 cxd4 4. Nxd4 e5 5. Nb5 d6 6. N1c3 a6 7. Na3 Be7 8. Nd5 Nf6 9. Nxf6+ Bxf6 10. Be3 O-O 11. Bc4 b5 12. Bd5 Bb7 13. O-O Qc7 14. c4 b4 15. Nc2 a5 16. a3 b3 17. Ne1 a4 18. Nd3 Ne7 19. Rc1 Bxd5 20. cxd5 Qd7 21. Qd2 Ng6 22. Rc6 Nh4 23. f3 Rfc8 24. Rfc1 Rxc6 25. dxc6 Qc7 26. Nb4 Rc8 27. Nd5 Qd8 28. c7 Qe8 29. Nb6 g5 30. Nxc8 g4 31. Nxd6 1-0


[Site "https://www.chess.com"]

[Event "Titled Tuesday Blitz July 20 2021"]
[White "Rahman, Ziaur"]
[Black "Stojanovski, Sandi"]
[WhiteFideId "10200037"]
[BlackFideId "1403249"]
[WhiteElo "2460"]
[BlackElo "2369"]
[Result "1-0"]
[Round "02"]
[TimeControl "180+1"]
[Date "2021.07.21"]
[WhiteClock "0:00:12"]
[BlackClock "0:00:04"]

1. d4 d5 2. Bf4 Bf5 3. c4 e6 4. Nc3 Bb4 5. e3 Nf6 6. Nf3 O-O 7. Bg5 c5 8. cxd5 Qa5 9. Bxf6 Bxc3+ 10. bxc3 Qxc3+ 11. Nd2 gxf6 12. Rc1 Qb4 13. Rc4 Qb2 14. dxe6 cxd4 15. exf7+ Rxf7 16. e4 Be6 17. Rc2 Qb4 18. Bc4 Bxc4 19. Rxc4 Qa5 20. Qg4+ Qg5 21. Qc8+ Kg7 22. Nf3 Qa5+ 23. Ke2 Qxa2+ 24. Nd2 d3+ 25. Ke3 Qa6 26. Qg4+ Kh6 27. Rb1 Nd7 28. Rc7 Raf8 29. Rxd7 Rxd7 30. Qxd7 Qa2 31. Rxb7 Qg8 32. Qh3+ Kg6 33. f4 Rf7 34. Qf5+ 1-0


[Site "https://www.chess.com"]

[Event "Titled Tuesday Blitz July 20 2021"]
[White "Remizov, Yaroslav"]
[Black "Nilsen, Tobias Lang"]
[WhiteFideId "34134015"]
[BlackFideId "1521624"]
[WhiteElo "2335"]
[BlackElo "1975"]
[Result "1-0"]
[Round "02"]
[TimeControl "180+1"]
[Date "2021.07.21"]
[WhiteClock "0:00:44"]
[BlackClock "0:00:02"]

1. Nf3 d5 2. c4 d4 3. b4 g5 4. Qb3 g4 5. Nxd4 Bg7 6. e3 e5 7. Nc2 Nc6 8. Nc3 Nge7 9. Bb2 Bf5 10. O-O-O a5 11. b5 Nb4 12. Nxb4 axb4 13. Qxb4 O-O 14. Be2 c6 15. e4 Be6 16. a4 cxb5 17. axb5 Ng6 18. g3 Re8 19. Kb1 Bf8 20. Qb3 Qa5 21. Nd5 Bxd5 22. exd5 Bc5 23. Bxg4 Bd4 24. Bf5 Ne7 25. Be4 f5 26. d6 fxe4 27. dxe7 Rxe7 28. Rhe1 b6 29. Rxe4 Rea7 30. c5+ Kf8 31. Bxd4 exd4 32. Rf4+ Kg7 33. Kc2 d3+ 34. Kxd3 Rd7+ 35. Ke2 Re8+ 36. Kf1 Qa8 37. c6 h6 38. Rg4+ Kh8 39. Qc3+ Kh7 40. Qc2+ Kh8 41. Qg6 Rh7 42. Qf6+ Rg7 43. Rxg7 Re1+ 44. Rxe1 Qc8 45. c7 h5 46. Rd7+ Kg8 47. Qg6+ Kh8 48. Re8+ Qxe8 49. Rd8 h4 50. c8=Q h3 51. Qf6+ Kg8 52. Qce6+ Kh7 53. Qef5+ Qg6 54. Qf7+ Kh6 55. Rh8+ Qh7 56. Qxh3+ Kg5 57. f4# 1-0


[Site "https://www.chess.com"]

[Event "Titled Tuesday Blitz July 20 2021"]
[White "Rodriguez Hernandez, Luis Daniel"]
[Black "DieHardCuban"]
[WhiteFideId "3506770"]
[WhiteElo "2133"]
[BlackElo "2452"]
[Result "1-0"]
[Round "02"]
[TimeControl "180+1"]
[Date "2021.07.21"]
[WhiteClock "0:02:23"]
[BlackClock "0:01:30"]

1. e4 c6 2. d4 d5 3. Nc3 dxe4 4. Nxe4 Bf5 5. Ng3 Bg6 6. Nh3 h6 7. Nf4 Bh7 8. Bc4 Nf6 9. O-O e6 10. Re1 Bd6 11. Bxe6 O-O 12. Bb3 Nbd7 13. c3 Qc7 14. Qf3 Rae8 15. Bd2 Qb6 16. Nfh5 Nxh5 17. Rxe8 1-0


[Site "https://www.chess.com"]

[Event "Titled Tuesday Blitz July 20 2021"]
[White "Rorrer, Grayson"]
[Black "Sinitsina, Anastassia"]
[WhiteFideId "30944996"]
[BlackFideId "4504640"]
[WhiteElo "2122"]
[BlackElo "2204"]
[Result "1-0"]
[Round "02"]
[TimeControl "180+1"]
[Date "2021.07.21"]
[WhiteClock "0:00:40"]
[BlackClock "0:00:10"]

1. e4 e5 2. Nc3 Nf6 3. d4 exd4 4. Qxd4 Nc6 5. Qd3 Bb4 6. Bd2 O-O 7. O-O-O Re8 8. Nge2 Bf8 9. Bg5 h6 10. Bh4 Be7 11. f4 d6 12. h3 Nxe4 13. Bxe7 Qxe7 14. Nd5 Qd8 15. Qf3 Nf6 16. Nec3 Nxd5 17. Nxd5 Ne7 18. Nc3 Nc6 19. g4 Be6 20. Bb5 Bd7 21. Kb1 a6 22. Ba4 b5 23. Bb3 Na5 24. Bd5 c6 25. Be4 d5 26. Bd3 Nc4 27. h4 Ne3 28. Rdg1 Nxg4 29. Rxg4 Bxg4 30. Qxg4 Qf6 31. Rg1 b4 32. Ne2 c5 33. Ng3 Qe6 34. Qd1 Kh8 35. Nf5 Rg8 36. Re1 Qf6 37. Re5 Rad8 38. Qg4 Rge8 39. Qg3 Rxe5 40. fxe5 Qg6 41. Qxg6 fxg6 42. Ne7 g5 43. Ng6+ Kg8 44. hxg5 hxg5 45. e6 g4 46. Kc1 g3 47. Bf1 Rd6 48. e7 Kf7 49. Nh4 Rf6 50. Bg2 Kxe7 51. Bxd5 Rf1+ 52. Kd2 Rf2+ 53. Kd3 Rh2 54. Nf5+ Kf6 55. Ne3 Ke5 56. Be4 Kf4 57. Ng2+ Kg4 58. Ke3 Kg5 59. Kf3 Rh6 60. Kxg3 Rd6 61. Ne1 Rd2 62. Nf3+ 1-0


[Site "https://www.chess.com"]

[Event "Titled Tuesday Blitz July 20 2021"]
[White "Rustemov, Alexander"]
[Black "Ambartsumova, Karina"]
[WhiteFideId "4119002"]
[BlackFideId "4166299"]
[WhiteElo "2846"]
[BlackElo "2262"]
[Result "1-0"]
[Round "02"]
[TimeControl "180+1"]
[Date "2021.07.20"]
[WhiteClock "0:00:24"]
[BlackClock "0:00:03"]

1. d4 Nf6 2. c4 e6 3. Nf3 d5 4. Nc3 Bb4 5. Bg5 h6 6. Bxf6 Qxf6 7. e3 O-O 8. Qb3 c5 9. cxd5 exd5 10. dxc5 Bxc3+ 11. Qxc3 Qxc3+ 12. bxc3 Nd7 13. Rd1 Nxc5 14. Rxd5 Ne4 15. c4 Be6 16. Rd4 Nc3 17. a3 Rfd8 18. Bd3 Rac8 19. Kd2 Na4 20. Rxd8+ Rxd8 21. Nd4 Nc5 22. f3 Kf8 23. Kc3 Ke7 24. Rd1 Rc8 25. Nxe6 fxe6 26. Bc2 Nd7 27. Rd4 Nc5 28. h4 Nd7 29. Kb4 b6 30. h5 Nf6 31. g4 Nd7 32. f4 Nf6 33. Bd1 Nd7 34. Bf3 e5 35. Rd5 exf4 36. exf4 Nf6 37. Re5+ Kd6 38. Kc3 Rc7 39. Kd4 a6 40. g5 hxg5 41. fxg5 Nd7 42. Rd5+ Ke7 43. Bg4 Nc5 44. Bf5 Nb3+ 45. Ke5 Na5 46. h6 Nxc4+ 47. Kd4 gxh6 48. gxh6 Nd6 49. Bd3 Nf7 50. h7 Rd7 51. Rxd7+ Kxd7 52. Bxa6 Kd6 53. Bd3 Nh8 54. Kc4 Nf7 55. Kb5 Kc7 56. Bg6 Nh8 57. Bh5 Kb7 58. a4 Kc7 59. Ka6 Kc6 60. Be8+ Kc7 61. Ka7 Kd8 62. Kxb6 Kxe8 63. a5 Nf7 64. a6 Kf8 65. a7 Kg7 66. a8=Q Kxh7 67. Kc5 1-0


[Site "https://www.chess.com"]

[Event "Titled Tuesday Blitz July 20 2021"]
[White "Sarana, Alexey"]
[Black "Trent, Lawrence"]
[WhiteFideId "24133795"]
[BlackFideId "408638"]
[WhiteElo "2646"]
[BlackElo "2474"]
[Result "1-0"]
[Round "02"]
[TimeControl "180+1"]
[Date "2021.07.20"]
[WhiteClock "0:00:35"]
[BlackClock "0:00:08"]

1. e4 c5 2. Nf3 Nc6 3. c3 Nf6 4. e5 Nd5 5. d4 cxd4 6. cxd4 d6 7. Bc4 Nb6 8. Bb5 dxe5 9. Nxe5 Bd7 10. Nxd7 Qxd7 11. O-O e6 12. Nc3 Be7 13. Qg4 O-O 14. Bh6 Bf6 15. Rad1 Kh8 16. Ne4 Rg8 17. Nxf6 gxf6 18. Qh4 Nd5 19. Bd3 f5 20. h3 Rg6 21. g3 Rag8 22. Bc1 Qd6 23. Bc4 a6 24. a3 b5 25. Ba2 Qd8 26. Qh5 Qf6 27. Bxd5 exd5 28. Bf4 Nxd4 29. Rfe1 Nc6 30. Rxd5 Qxb2 31. Rxf5 f6 32. Rc5 Nd4 33. Rc7 R6g7 34. Rxg7 Rxg7 35. Re8+ Rg8 36. Be5 Qc1+ 37. Kh2 1-0


[Site "https://www.chess.com"]

[Event "Titled Tuesday Blitz July 20 2021"]
[White "Seletsky, Grigory"]
[Black "Pert, Richard G"]
[WhiteFideId "14112191"]
[BlackFideId "404748"]
[WhiteElo "2492"]
[BlackElo "2441"]
[Result "1-0"]
[Round "02"]
[TimeControl "180+1"]
[Date "2021.07.21"]
[WhiteClock "0:00:33"]
[BlackClock "0:00:13"]

1. d4 Nf6 2. c3 d5 3. Bf4 e6 4. e3 Bd6 5. Nd2 O-O 6. Bg3 b6 7. Ngf3 c5 8. Bd3 Ba6 9. Bxa6 Nxa6 10. Bxd6 Qxd6 11. O-O Nb8 12. Ne5 Nc6 13. Nxc6 Qxc6 14. Re1 h6 15. a4 a6 16. a5 b5 17. dxc5 Qxc5 18. Nb3 Qc7 19. Nd4 Rac8 20. h3 g6 21. Nc2 Kg7 22. Nb4 Qd6 23. e4 Qf4 24. exd5 exd5 25. Nxa6 Ne4 26. Qd4+ Qf6 27. Qxf6+ Kxf6 28. Nb4 Rfd8 29. Nxd5+ Rxd5 30. Rxe4 Ra8 31. a6 Rd6 32. a7 Rd7 33. Rb4 Raxa7 34. Rxa7 Rxa7 35. Rxb5 Ra1+ 36. Kh2 h5 37. h4 Rd1 38. g3 Rd2 39. Kg2 Rc2 40. Rb4 Kf5 41. Rf4+ Ke6 42. Rb4 Kf5 43. Kf3 f6 44. Rb5+ Ke6 45. Rb4 Kf5 46. c4 g5 47. Rb5+ Kg6 48. b3 Rc3+ 49. Kg2 g4 50. c5 Kf5 51. b4 Ke4 52. Rb6 f5 53. Rh6 Rb3 54. Rxh5 Rxb4 55. Rh8 Rc4 56. Rc8 Rc2 57. c6 f4 58. gxf4 Kxf4 59. c7 g3 60. Rf8+ Kg4 61. c8=Q+ Rxc8 62. Rxc8 gxf2 63. Kxf2 Kh3 64. Rg8 1-0


[Site "https://www.chess.com"]

[Event "Titled Tuesday Blitz July 20 2021"]
[White "Shevelev, Dmitri"]
[Black "Onyshchuk, Volodymyr"]
[WhiteFideId "2802627"]
[BlackFideId "14114038"]
[WhiteElo "2262"]
[BlackElo "2603"]
[Result "0-1"]
[Round "02"]
[TimeControl "180+1"]
[Date "2021.07.20"]
[WhiteClock "0:00:01"]
[BlackClock "0:00:18"]

1. d4 d6 2. Nf3 g6 3. Nc3 Bg7 4. e4 Nf6 5. Be3 c6 6. Qd2 Qa5 7. Bd3 h6 8. h3 Nbd7 9. O-O-O e5 10. g4 b5 11. Kb1 b4 12. Ne2 Bb7 13. g5 hxg5 14. Nxg5 Rf8 15. f4 O-O-O 16. a3 c5 17. dxe5 dxe5 18. Bc4 Nb6 19. axb4 Rxd2 20. bxa5 Rxd1+ 21. Rxd1 Nxc4 22. Bxc5 Re8 23. Nxf7 Nxe4 24. b3 Nxc5 25. bxc4 Ne4 26. fxe5 Bxe5 27. Re1 Nd2+ 0-1


[Site "https://www.chess.com"]

[Event "Titled Tuesday Blitz July 20 2021"]
[White "Skatchkov, Valery"]
[Black "Ibrahimli, Murad"]
[WhiteFideId "24195812"]
[BlackFideId "13410229"]
[WhiteElo "2199"]
[BlackElo "2109"]
[Result "1-0"]
[Round "02"]
[TimeControl "180+1"]
[Date "2021.07.20"]
[WhiteClock "0:00:10"]
[BlackClock "0:00:03"]

1. d4 Nf6 2. c4 g6 3. Nf3 Bg7 4. g3 O-O 5. Bg2 d6 6. O-O c6 7. b3 Qa5 8. Bb2 Qh5 9. Re1 Bh3 10. Bh1 Nbd7 11. Nbd2 Rad8 12. e4 e5 13. d5 Nc5 14. Qe2 Bg4 15. b4 Na4 16. Ba3 cxd5 17. cxd5 Rc8 18. Rec1 a6 19. b5 Nc3 20. Rxc3 Rxc3 21. Bxd6 Rfc8 22. bxa6 bxa6 23. Qxa6 Rc1+ 24. Rxc1 Rxc1+ 25. Nf1 h6 26. Qd3 Nd7 27. a4 f5 28. a5 fxe4 29. Qxe4 Nf6 30. Qe3 Ra1 31. Qc3 Rb1 32. a6 Ne4 33. Qd3 Rxf1+ 34. Kxf1 Nxd6 35. a7 e4 36. a8=Q+ Kh7 37. Qda3 exf3 38. Qxd6 Qxh2 39. Ke1 Qxh1+ 40. Kd2 Qf1 41. Qe8 Qxf2+ 42. Kc1 Qg1+ 43. Kc2 Bf5+ 44. Kb3 Qb1+ 45. Kc4 Qd3+ 46. Kc5 Qa3+ 47. Kc6 Qa6+ 48. Kc7 Qa7+ 49. Kd8 Qa8+ 50. Ke7 Qb7+ 51. Kd8 Qa8+ 52. Kc7 Qa7+ 53. Kc6 Qa6+ 54. Kc5 Qa5+ 55. Qb5 Qc3+ 56. Qc4 Qa3+ 57. Kc6 Qa8+ 58. Kb6 Qg8 59. Qdf4 f2 60. Qxf2 Qb8+ 61. Ka5 Qa8+ 62. Kb4 Qb7+ 63. Ka5 Qa8+ 64. Kb5 Qb7+ 65. Qb6 Qd7+ 66. Qcc6 Qe7 67. Qbc7 Qe2+ 68. Kb6 Qb2+ 69. Qb5 Qd4+ 70. Kb7 Be4 71. Qbd7 Bxd5+ 72. Kc8 1-0


[Site "https://www.chess.com"]

[Event "Titled Tuesday Blitz July 20 2021"]
[White "Song, Michael"]
[Black "Nakamura, Hikaru"]
[WhiteFideId "2613190"]
[BlackFideId "2016192"]
[WhiteElo "2274"]
[BlackElo "2900"]
[Result "0-1"]
[Round "02"]
[TimeControl "180+1"]
[Date "2021.07.20"]
[WhiteClock "0:00:01"]
[BlackClock "0:01:02"]

1. d4 f5 2. Bg5 d5 3. Nd2 c6 4. e3 Qb6 5. Nb3 e6 6. Nf3 Nd7 7. Be2 a5 8. a4 Ngf6 9. O-O Bd6 10. Bf4 Qc7 11. Bxd6 Qxd6 12. Nc1 e5 13. dxe5 Nxe5 14. Nxe5 Qxe5 15. Nd3 Qe7 16. c3 Be6 17. Nf4 Bf7 18. Qd4 O-O 19. b4 Ne4 20. Rfc1 Rfe8 21. Nd3 Qc7 22. f4 Nf6 23. Ne5 Qe7 24. Bd3 Be6 25. Qc5 Qc7 26. b5 Nd7 27. Nxd7 Qxd7 28. b6 Bf7 29. Kf2 Qe6 30. Rc2 Qf6 31. g3 Re7 32. Re1 Bh5 33. c4 Bf7 34. cxd5 Bxd5 35. Bc4 Kh8 36. Bxd5 cxd5 37. Qc8+ Re8 38. Qxb7 Rab8 39. Qxd5 Rxb6 40. Qxa5 h5 41. Qc3 Qh6 42. a5 Rbe6 43. h4 Qg6 44. Rce2 Qg4 45. Kg2 Kh7 46. Qd3 Qg6 47. Ra2 Rd6 48. Qf1 Qe6 49. Ree2 Ra6 50. Qf3 Kh6 51. Rac2 g6 52. Rc5 Qd6 53. Rec2 Qd3 54. Rc6 Rxe3 55. Qf2 Qe4+ 56. Kf1 Rxc6 57. Rxc6 Qh1+ 0-1


[Site "https://www.chess.com"]